PUB
HOLLYWOOD STARS @ STOCKTON 209
06/02/1972
 
TOP OF THE 1ST
Hollywood Stars batting - Pitching for Stockton 209 : RHP Millard Olson
Pitching: RHP Millard Olson
Batting: SHB Tetsuhiko Harada 0-0: Ground out 4-3 (Groundball, 34, EV 86.9 MPH)
Batting: LHB Jimmie Hall 0-0: Foul Ball, location: 2F
0-1: Foul Ball, location: 5SF
0-2: Ball
1-2: Strikes out swinging
Batting: LHB Bob James 0-0: Ball
1-0: Ball
2-0: Foul Ball, location: 3F
2-1: Hit by Pitch
Batting: RHB Brian Fowler 0-0: Ball
1-0: Called Strike
1-1: Swinging Strike
1-2: Ball
2-2: Strikes out swinging
Top of the 1st over - 0 runs, 0 hits, 0 errors, 1 left on base; Hollywood 0 - Stockton 0
BOTTOM OF THE 1ST
Stockton 209 batting - Pitching for Hollywood Stars : RHP Art Mahaffey
Pitching: RHP Art Mahaffey
Batting: LHB Willie Davis 0-0: Called Strike
0-1: Ball
1-1: Ball
2-1: Foul Ball, location: 7LSF
2-2: Foul Ball, location: 7LDF
2-2: Strikes out swinging
Batting: SHB Peter Holt 0-0: Called Strike
0-1: SINGLE (Line Drive, 78M, EV 85.6 MPH)
Batting: RHB Paco Ortega 0-0: Called Strike
0-1: Called Strike
Peter Holt steals 2nd base
0-2: Foul Ball, location: 9LMF
0-2: Strikes out swinging
Batting: RHB Roberto Hernández 0-0: Called Strike
0-1: Ball
1-1: Ball
2-1: Ball
3-1: Foul Ball, location: 2F
3-2: Strikes out swinging
Bottom of the 1st over - 0 runs, 1 hit, 0 errors, 1 left on base; Hollywood 0 - Stockton 0
TOP OF THE 2ND
Hollywood Stars batting - Pitching for Stockton 209 : RHP Millard Olson
Batting: RHB Anthony Townsend 0-0: Called Strike
0-1: Called Strike
0-2: Ball
1-2: Strikes out swinging
Batting: LHB Eric Davis 0-0: Ball
1-0: Called Strike
1-1: Called Strike
1-2: Ball
2-2: Ball
3-2: SINGLE (Groundball, P, EV 81.9 MPH) (infield hit)
Batting: LHB Tim McCarver 0-0: Ball
Eric Davis is caught stealing 2nd base 2-6
1-0: Fly out, F5 (Popup, 5S, EV 76.9 MPH)
Top of the 2nd over - 0 runs, 1 hit, 0 errors, 0 left on base; Hollywood 0 - Stockton 0
BOTTOM OF THE 2ND
Stockton 209 batting - Pitching for Hollywood Stars : RHP Art Mahaffey
Batting: RHB Hideaki Ohayashi 0-0: Foul Ball, location: 2F
0-1: Fly out, F7 (Flyball, 78M, EV 95.6 MPH)
Batting: RHB Sal Bando 0-0: Foul Ball, location: 25FF
0-1: Fly out, F7 (Flyball, 78S, EV 86.3 MPH)
Batting: RHB Tom Baird 0-0: Foul Ball, location: 2F
0-1: Ball
1-1: SINGLE (Line Drive, 78S, EV 101.3 MPH)
Batting: RHB Cam Carreon 0-0: Called Strike
0-1: Called Strike
0-2: Ball
1-2: Foul Ball, location: 5F
1-2: Foul Ball, location: 2F
1-2: Foul Ball, location: 9LMF
1-2: Ball
Tom Baird is caught stealing 2nd base 2-4
Bottom of the 2nd over - 0 runs, 1 hit, 0 errors, 0 left on base; Hollywood 0 - Stockton 0
TOP OF THE 3RD
Hollywood Stars batting - Pitching for Stockton 209 : RHP Millard Olson
Batting: LHB Eugene Williams 0-0: Called Strike
0-1: Hit by Pitch
Batting: RHB Art Mahaffey 0-0: Bunt missed!
0-1: Sac Bunt to 2R - play at first, batter OUT! 2-3
Eugene Williams to second
Batting: SHB Tetsuhiko Harada 0-0: Called Strike
0-1: Ball
1-1: SINGLE (Groundball, 2L, EV 61.3 MPH) (infield hit)
Eugene Williams to third
Batting: LHB Jimmie Hall 0-0: Ball
Tetsuhiko Harada is caught stealing 2nd base 2-6
1-0: Called Strike
1-1: Foul Ball, location: 2F
1-2: Foul Ball, location: 7LDF
1-2: Strikes out swinging
Top of the 3rd over - 0 runs, 1 hit, 0 errors, 1 left on base; Hollywood 0 - Stockton 0
BOTTOM OF THE 3RD
Stockton 209 batting - Pitching for Hollywood Stars : RHP Art Mahaffey
Batting: RHB Cam Carreon 0-0: Foul Ball, location: 25FF
0-1: Ball
1-1: Fly out, F9 (Line Drive, 89M, EV 90.0 MPH)
Batting: RHB Millard Olson 0-0: Ball
1-0: Foul Ball, location: 23FF
1-1: Ball
2-1: Fly out, F5 (Line Drive, 5, EV 69.4 MPH)
Batting: LHB Willie Davis 0-0: Ball
1-0: Foul Ball, location: 2F
1-1: Fly out, F8 (Flyball, 8RXD, EV 101.3 MPH)
Bottom of the 3rd over - 0 runs, 0 hits, 0 errors, 0 left on base; Hollywood 0 - Stockton 0
TOP OF THE 4TH
Hollywood Stars batting - Pitching for Stockton 209 : RHP Millard Olson
Batting: LHB Bob James 0-0: Ball
1-0: Ball
2-0: Ball
3-0: Called Strike
3-1: Fly out, F8 (Line Drive, 8LD, EV 98.1 MPH)
Batting: RHB Brian Fowler 0-0: Called Strike
0-1: Ball
1-1: Ball
2-1: Ball
3-1: Foul Ball, location: 23F
3-2: Strikes out swinging
Batting: RHB Anthony Townsend 0-0: Called Strike
0-1: Foul Ball, location: 2F
0-2: Strikes out swinging
Top of the 4th over - 0 runs, 0 hits, 0 errors, 0 left on base; Hollywood 0 - Stockton 0
BOTTOM OF THE 4TH
Stockton 209 batting - Pitching for Hollywood Stars : RHP Art Mahaffey
Batting: SHB Peter Holt 0-0: Called Strike
0-1: Ground out 6-3 (Groundball, 6M, EV 87.5 MPH)
Batting: RHB Paco Ortega 0-0: Ball
1-0: Called Strike
1-1: Ball
2-1: SINGLE (Groundball, 56D, EV 101.3 MPH)
Batting: RHB Roberto Hernández 0-0: Ball
1-0: Called Strike
1-1: Ball
2-1: Called Strike
2-2: Foul Ball, location: 2F
2-2: Fly out, F7 (Flyball, 78D, EV 98.8 MPH)
Batting: RHB Hideaki Ohayashi 0-0: Called Strike
0-1: Ball
1-1: SINGLE (Flyball, 3D, EV 94.4 MPH)
Paco Ortega to second
Runner from 2nd tries for 3rd, SAFE, throw by RF made to third
Batting: RHB Sal Bando 0-0: Called Strike
0-1: Fielders Choice at 2nd, 5-4 (Groundball, 5, EV 76.3 MPH)
Bottom of the 4th over - 0 runs, 2 hits, 0 errors, 2 left on base; Hollywood 0 - Stockton 0
TOP OF THE 5TH
Hollywood Stars batting - Pitching for Stockton 209 : RHP Millard Olson
Batting: LHB Eric Davis 0-0: Called Strike
0-1: Hit by Pitch
Batting: LHB Tim McCarver 0-0: Called Strike
0-1: Called Strike
0-2: Ball
1-2: Strikes out swinging
Batting: LHB Eugene Williams 0-0: Called Strike
0-1: Ball
1-1: Fly out, F8 (Flyball, 8RD, EV 90.0 MPH)
Batting: RHB Art Mahaffey 0-0: Ball
1-0: Ball
2-0: Ball
3-0: Base on Balls
Eric Davis to second
Batting: SHB Tetsuhiko Harada 0-0: Foul Ball, location: 9LMF
0-1: Ball
1-1: Ball
2-1: Swinging Strike
2-2: Strikes out swinging
Top of the 5th over - 0 runs, 0 hits, 0 errors, 2 left on base; Hollywood 0 - Stockton 0
BOTTOM OF THE 5TH
Stockton 209 batting - Pitching for Hollywood Stars : RHP Art Mahaffey
Batting: RHB Tom Baird 0-0: Fly out, F7 (Flyball, 78S, EV 78.1 MPH)
Batting: RHB Cam Carreon 0-0: Foul Ball, location: 2F
0-1: Ball
1-1: Fly out, F8 (Flyball, 78D, EV 106.9 MPH)
Batting: RHB Millard Olson 0-0: Ball
1-0: Ball
2-0: Called Strike
2-1: Ground out 4-3 (Groundball, 4S, EV 80.6 MPH)
Bottom of the 5th over - 0 runs, 0 hits, 0 errors, 0 left on base; Hollywood 0 - Stockton 0
TOP OF THE 6TH
Hollywood Stars batting - Pitching for Stockton 209 : RHP Millard Olson
Batting: LHB Jimmie Hall 0-0: Ball
1-0: Ball
2-0: Ball
3-0: Base on Balls
Batting: LHB Bob James 0-0: SINGLE (Groundball, 34D, EV 103.8 MPH)
Jimmie Hall to second
Runner from 2nd tries for 3rd, SAFE, throw by RF made to third
Batting: RHB Brian Fowler 0-0: Ball
1-0: Ball
2-0: Foul Ball, location: 5F
2-1: Fielders Choice at home, 6-2 (Groundball, 56, EV 100.0 MPH)
Bob James to second
Batting: RHB Anthony Townsend 0-0: Called Strike
0-1: Ball
1-1: Ball
2-1: Foul Ball, location: 9LMF
2-2: Foul Ball, location: 9LMF
2-2: Ball
3-2: Strikes out swinging
Batting: LHB Eric Davis 0-0: Ball
1-0: Foul Ball, location: 2F
1-1: Ground out U3 (Groundball, 34, EV 110.0 MPH)
Top of the 6th over - 0 runs, 1 hit, 0 errors, 2 left on base; Hollywood 0 - Stockton 0
BOTTOM OF THE 6TH
Stockton 209 batting - Pitching for Hollywood Stars : RHP Art Mahaffey
Batting: LHB Willie Davis 0-0: Ball
1-0: Foul Ball, location: 7LMF
1-1: Ball
2-1: Called Strike
2-2: Strikes out swinging
Batting: SHB Peter Holt 0-0: Ball
1-0: Called Strike
1-1: Ball
2-1: Ball
3-1: Base on Balls
Batting: RHB Paco Ortega 0-0: Ball
1-0: Ball
2-0: Swinging Strike
2-1: Ball
3-1: Foul Ball, location: 2F
3-2: SINGLE (Groundball, 56D, EV 105.6 MPH)
Peter Holt to second
Peter Holt to third
Batting: RHB Roberto Hernández 0-0: Swinging Strike
0-1: Ball
1-1: Ball
2-1: Foul Ball, location: 23F
2-2: 3-RUN HOME RUN (Flyball, 7D, EV 101.3 MPH), Distance : 411 ft
Batting: RHB Hideaki Ohayashi 0-0: Called Strike
0-1: Foul Ball, location: 5FF
0-2: Strikes out looking
Batting: RHB Sal Bando 0-0: Called Strike
0-1: Ball
1-1: Foul Ball, location: 2F
1-2: Ball
2-2: Ball
3-2: Ground out 3-1 (Groundball, 34, EV 93.1 MPH)
Bottom of the 6th over - 3 runs, 2 hits, 0 errors, 0 left on base; Hollywood 0 - Stockton 3
TOP OF THE 7TH
Hollywood Stars batting - Pitching for Stockton 209 : RHP Millard Olson
Now in LF: Roberto Hernández
Now in CF: Reggie Smith
Now in RF: Willie Davis
Batting: LHB Tim McCarver 0-0: Foul Ball, location: 9LSF
0-1: Called Strike
0-2: Ball
1-2: Foul Ball, location: 7LSF
1-2: Foul Ball, location: 2LF
1-2: Ground out 4-3 (Groundball, 4, EV 96.3 MPH)
Batting: LHB Eugene Williams 0-0: Ball
1-0: Ball
2-0: Swinging Strike
2-1: Called Strike
2-2: Strikes out swinging
Batting: RHB Art Mahaffey 0-0: Ball
1-0: Ground out 5-3 (Groundball, 56S, EV 81.3 MPH)
Top of the 7th over - 0 runs, 0 hits, 0 errors, 0 left on base; Hollywood 0 - Stockton 3
BOTTOM OF THE 7TH
Stockton 209 batting - Pitching for Hollywood Stars : RHP Art Mahaffey
Batting: RHB Tom Baird 0-0: Ball
1-0: Foul Ball, location: 3F
1-1: Foul Ball, location: 9LMF
1-2: Strikes out swinging
Batting: RHB Cam Carreon 0-0: Foul Ball, location: 7LMF
0-1: Called Strike
0-2: Ball
1-2: Foul Ball, location: 9LSF
1-2: Ball
2-2: SINGLE (Line Drive, 7S, EV 86.3 MPH)
Batting: RHB Millard Olson 0-0: Bunted foul
0-1: Bunted foul
0-2: Bunted foul, Strikeout!
Batting: LHB Willie Davis 0-0: Ball
1-0: Swinging Strike
1-1: Ball
2-1: Foul Ball, location: 9LSFF
2-2: Fly out, F9 (Flyball, 89S, EV 94.4 MPH)
Bottom of the 7th over - 0 runs, 1 hit, 0 errors, 1 left on base; Hollywood 0 - Stockton 3
TOP OF THE 8TH
Hollywood Stars batting - Pitching for Stockton 209 : RHP Millard Olson
Batting: SHB Tetsuhiko Harada 0-0: Ball
1-0: Called Strike
1-1: Ball
2-1: Called Strike
2-2: Strikes out swinging
Batting: LHB Jimmie Hall 0-0: Swinging Strike
0-1: Ball
1-1: Ball
2-1: Foul Ball, location: 2F
2-2: Strikes out swinging, 2-3 out at first.
Batting: LHB Bob James 0-0: Called Strike
0-1: Ball
1-1: Foul Ball, location: 2F
1-2: Foul Ball, location: 2F
1-2: Ball
2-2: Foul Ball, location: 2F
2-2: Foul Ball, location: 7LSF
2-2: Ground out U3 (Groundball, 3S, EV 70.6 MPH)
Top of the 8th over - 0 runs, 0 hits, 0 errors, 0 left on base; Hollywood 0 - Stockton 3
BOTTOM OF THE 8TH
Stockton 209 batting - Pitching for Hollywood Stars : RHP Art Mahaffey
Batting: SHB Peter Holt 0-0: Ball
1-0: SINGLE (Line Drive, 78S, EV 97.5 MPH)
Batting: SHB Reggie Smith 0-0: Ball
1-0: Ball
Peter Holt steals 2nd base
2-0: Called Strike
2-1: Ground out 5-3 (Groundball, 15, EV 86.9 MPH)
Peter Holt to third
Batting: RHB Roberto Hernández 0-0: Intentional Walk
Batting: RHB Hideaki Ohayashi 0-0: Ball
1-0: Called Strike
1-1: Ball
2-1: Foul Ball, location: 9LDF
2-2: DOUBLE (Flyball, 78D, EV 104.4 MPH)
Peter Holt scores
Roberto Hernández to third
Runner from 3rd tries for Home, SAFE, throw by LF to trailing runner, OUT at third! 7-3-5
Batting: RHB Sal Bando 0-0: Ball
1-0: Foul Ball, location: 2F
1-1: SINGLE (Line Drive, 34D, EV 105.0 MPH)
Pitching: RHP Ramiro Díaz
Batting: RHB Tom Baird 0-0: DOUBLE (Line Drive, 9LM, EV 91.9 MPH)
Sal Bando to third
Runner from 3rd tries for Home, SAFE, throw by RF to home
Batting: RHB Cam Carreon 0-0: Ball
1-0: Foul Ball, location: 2F
1-1: Ground out 4-3 (Groundball, 4, EV 88.8 MPH)
Bottom of the 8th over - 3 runs, 4 hits, 0 errors, 1 left on base; Hollywood 0 - Stockton 6
TOP OF THE 9TH
Hollywood Stars batting - Pitching for Stockton 209 : RHP Millard Olson
Batting: RHB Brian Fowler 0-0: Foul Ball, location: 2F
0-1: Swinging Strike
0-2: Strikes out swinging
Pinch Hitting: SHB Bob Hicks 0-0: Ball
1-0: Called Strike
1-1: Ball
2-1: Ball
3-1: Foul Ball, location: 2F
3-2: Base on Balls
Pitching: LHP Jorge Martínez
Batting: LHB Eric Davis 0-0: Ball
1-0: Foul Ball, location: 2F
1-1: Ball
2-1: Fly out, F6 (Popup, 6M, EV 63.1 MPH)
Batting: LHB Tim McCarver 0-0: Foul Ball, location: 5FF
0-1: Ball
1-1: Called Strike
1-2: Ball
2-2: Ball
3-2: Strikes out swinging
Top of the 9th over - 0 runs, 0 hits, 0 errors, 1 left on base; Hollywood 0 - Stockton 6
Friday, March 22nd , 2024 - OOTP Baseball 24.8 Build 75